 Dungeon Crawl Stone Soup version 0.30.1-4-g462c640d31 (webtiles) character file.

Game seed: 17779231636916292219

1558 ANON1729 the Trooper (level 8, -2/71 HPs)
             Began as a Minotaur Monk on Aug 10, 2023.
             Was a Priest of Uskayaw.
             Slain by a water moccasin (6 damage)
             ... on level 6 of the Dungeon.
             The game lasted 00:02:47 (5774 turns).

ANON1729 the Trooper (Minotaur Monk)                Turns: 5774, Time: 00:02:48

Health: -2/71      AC:  6    Str: 16    XL:     8   Next: 58%
Magic:  4/10       EV: 15    Int:  7    God:    Uskayaw [***...]
Gold:   211        SH:  0    Dex: 15    Spells: 7/7 levels left

rFire   x . .        a - +0 short sword
rCold   . . .        d - orb {light}
rNeg    + . .        K - +1 robe of the Hall of Blades {rF- rN+ Will++ Stlth+}
rPois   .            (helmet restricted)
rElec   .            J - +2 cloak {Will+}
rCorr   +            (no gloves)
SInv    .            (no boots)
Will    +++..        (no amulet)
Stlth   +            m - ring of flight
HPRegen 0.31/turn    n - ring of resist corrosion
MPRegen 0.12/turn

%: no passive effects
@: lethally poisoned (-2 -> -13), flying, glowing
A: horns 2, retaliatory headbutt
a: Renounce Religion, Stomp, Line Pass


You were on level 6 of the Dungeon.
You worshipped Uskayaw.
Uskayaw was noncommittal.
You visited 2 branches of the dungeon, and saw 7 of its levels.
You also visited: Sewer.

You collected 211 gold pieces.

Inventory:

Hand Weapons
 a - a +0 short sword (weapon)
Missiles
 q - 2 javelins (quivered)
 w - 2 boomerangs
Armour
 b - a +0 robe
 d - an orb of light (worn)
 p - a scarf of resistance
 D - a +2 ring mail of cold resistance
 J - a +2 cloak of willpower (worn)
 K - the +1 robe of the Hall of Blades (worn) {rF- rN+ Will++ Stlth+}
   (You found it on level 5 of the Dungeon)

   rF:        It makes you vulnerable to fire.
   rN:        It protects you from negative energy.
   Will:      It greatly increases your willpower.
   Stlth:     It makes you more stealthy.
 L - the +0 leather armour of Umeil {rPois Int+3}
   (You found it on level 5 of the Dungeon)

   Int:       It affects your intelligence (+3).
   rPois:     It protects you from poison.
Jewellery
 m - a ring of flight (left hand)
 n - a ring of resist corrosion (right hand)
 F - a ring of protection from cold
 I - a ring of magical power
Wands
 E - a wand of charming (13)
Scrolls
 f - 16 scrolls of identify {unknown}
 g - 5 scrolls of enchant armour {unknown}
 j - 2 scrolls of noise {unknown}
 k - 3 scrolls of immolation {unknown}
 o - 2 scrolls of enchant weapon {unknown}
 r - a scroll of brand weapon {unknown}
 t - a scroll of blinking {unknown}
 u - a scroll of silence {unknown}
 x - 2 scrolls of fear {unknown}
 y - 4 scrolls of teleportation {unknown}
 A - a scroll of fog {unknown}
 H - a scroll of magic mapping {unknown}
Potions
 c - 2 potions of ambrosia
 e - 2 potions of curing
 h - 2 potions of resistance {unknown}
 i - a potion of heal wounds {unknown}
 l - 2 potions of haste
 s - a potion of might {unknown}
 v - a potion of cancellation {unknown}
 z - 2 potions of mutation {unknown}
 B - a potion of brilliance {unknown}
 C - a potion of attraction {unknown}
 G - a potion of degeneration {unknown}


   Skills:
 + Level 6.8 Fighting
 + Level 6.2 Short Blades
 + Level 5.5 Armour
 + Level 6.2 Dodging
 + Level 4.5 Invocations


You had 7 spell levels left.
You didn't know any spells.
Your spell library contained the following spells:

 Spells                   Type           Power      Damage    Failure   Level
 Magic Dart               Conj           0%         1d3       43%         1
 Vhi's Electric Charge    Tloc/Air       0%         N/A       80%         3
 Arcjolt                  Conj/Air       0%         1d10      100%        5
 Iskenderun's Battlesphe  Conj           0%         2d6       100%        5
 Maxwell's Capacitive Co  Air            0%         ∞         100%        8


Dungeon Overview and Level Annotations

Branches:
Dungeon (6/15)             Temple (1/1) D:5           Sewer (visited)

Altars:
Ashenzari
Dithmenos
Elyvilon
Fedhas
Gozag
Hepliaklqana
Kikubaaqudgha
Nemelex Xobeh
Okawaru
Ru
Sif Muna
Trog
Uskayaw
Vehumet
Yredelemnul


Innate Abilities, Weirdness & Mutations

You have a pair of horns on your head.
You reflexively headbutt those who attack you in melee.


Message History

You are too injured to fight recklessly!
You are too injured to fight recklessly!
You are too injured to fight recklessly!
You are too injured to fight recklessly!
You are too injured to fight recklessly!
You are too injured to fight recklessly!
You are too injured to fight recklessly!
You are too injured to fight recklessly!
You are too injured to fight recklessly!
Okay, then.
The helpless Prince Ribbit fails to defend himself.
You puncture Prince Ribbit!
You headbutt Prince Ribbit, but do no damage.
Prince Ribbit is moderately wounded.
You feel very sick.
The helpless Prince Ribbit fails to defend himself.
You puncture Prince Ribbit!
Prince Ribbit is severely wounded.
You feel very sick.
Sigmund is no longer paralysed.
Prince Ribbit is no longer paralysed.
The water moccasin is no longer paralysed.
The water moccasin bites you but does no damage.
Prince Ribbit barely misses you. Sigmund misses you.
Uskayaw will force your foes to share their pain.
Uskayaw links your audience in an emotional bond!
You stomp with the beat, sending a shockwave through the revellers around you!
Prince Ribbit is severely wounded.
You kill Sigmund!
The water moccasin is moderately wounded.
You feel very sick. The water moccasin closely misses you.
Prince Ribbit hits you!
* * * LOW HITPOINT WARNING * * *
The water moccasin closely misses you.
You stomp with the beat, sending a shockwave through the revellers around you!
You kill Prince Ribbit!
The water moccasin is severely wounded.
* * * LOW HITPOINT WARNING * * *
You feel very sick. The water moccasin bites you.
You die...

###############
..............#
.............$#
..............#
.............
...........
#....)S#
#....@.#
+......#
#.....<#
#......#
#......#
#......#
#.....##
#.....# +.....#


You could see a water moccasin (pain bonded).

Vanquished Creatures
  Pikel (D:5)
  Prince Ribbit (D:6)
  Sigmund (D:6)
  2 ice beasts (D:5)
  An ogre (D:3)
  A scorpion (D:5)
  A howler monkey (D:5)
  A jelly (D:5)
  5 hounds
  Crazy Yiuf (D:5)
  4 iguanas (D:5)
  A hell rat (Sewer)
  2 sleepcaps (D:4)
  8 adders
  2 river rats (Sewer)
  A white imp (D:5)
  2 ufetubi
  A worm (D:2)
  3 dart slugs
  5 orcs
  6 endoplasms
  5 giant cockroaches
  5 goblins
  8 hobgoblins
  2 jackals (D:3)
  6 kobolds
  2 quokkas (D:3)
  11 ball pythons
  4 bats
  11 rats
104 creatures vanquished.

Notes
Turn   | Place    | Note
-------+----------+-------------------------------------------
     0 | D:1      | ANON1729 the Minotaur Monk began the quest for the Orb.
     0 | D:1      | Reached XP level 1. HP: 19/19 MP: 0/0
   272 | D:1      | Reached XP level 2. HP: 27/27 MP: 1/1
   402 | D:1      | Reached skill level 1 in Armour
  1048 | D:2      | Found a faded altar of an unknown god.
  1105 | D:2      | Reached skill level 1 in Invocations
  1105 | D:2      | Reached XP level 3. HP: 15/33 MP: 2/2
  1673 | D:2      | Reached XP level 4. HP: 12/40 MP: 2/4
  1943 | D:3      | Found a broken altar of Ashenzari.
  1980 | D:3      | Found a glowing drain.
  2044 | Sewer    | Entered a sewer
  2055 | Sewer    | Reached XP level 5. HP: 30/47 MP: 5/5
  2688 | D:3      | Noticed an ogre
  2696 | D:3      | Killed an ogre
  2697 | D:3      | Reached XP level 6. HP: 28/55 MP: 6/6
  3070 | D:4      | Found a white marble altar of Elyvilon.
  3415 | D:4      | Reached skill level 5 in Fighting
  3737 | D:4      | Got the Vademecum on Translocation and Striking
  4213 | D:5      | Entered Level 5 of the Dungeon
  4217 | D:5      | Noticed an ice beast
  4225 | D:5      | Killed an ice beast
  4243 | D:5      | Found a staircase to the Ecumenical Temple.
  4243 | D:5      | Noticed Pikel
  4273 | D:5      | HP: 2/56 [Pikel/+1 whip of freezing (8)]
  4274 | D:5      | Killed Pikel
  4275 | D:5      | Reached skill level 5 in Short Blades
  4275 | D:5      | Reached skill level 5 in Dodging
  4275 | D:5      | Reached XP level 7. HP: 1/63 MP: 8/8
  4280 | Temple   | Entered the Ecumenical Temple
  4575 | Temple   | Became a worshipper of Uskayaw the Reveller
  4575 | Temple   | Reached * piety under Uskayaw
  4643 | D:5      | Reached ** piety under Uskayaw
  4649 | D:5      | Reached *** piety under Uskayaw
  4653 | D:5      | Reached XP level 8. HP: 67/70 MP: 9/9
  4784 | D:5      | Identified the +1 robe of the Hall of Blades {rF- rN+
                  | Will++ Stlth+}
  4851 | D:5      | Reached skill level 5 in Armour
  5275 | D:5      | Identified the +0 leather armour of Umeil {rPois Int+3}
  5326 | D:5      | Found a runed translucent door.
  5327 | D:5      | Noticed Crazy Yiuf
  5656 | D:5      | Killed Crazy Yiuf
  5761 | D:6      | Noticed Sigmund
  5761 | D:6      | Noticed Prince Ribbit
  5772 | D:6      | Reached **** piety under Uskayaw
  5773 | D:6      | Killed Sigmund
  5774 | D:6      | Killed Prince Ribbit
  5774 | D:6      | Slain by a water moccasin

Illustrated notes

Levels and vault maps discovered:
D:1:      grunt_arrival_lava_bath, layout_loops_ring, serial_aquarium,
          aquarium_bridge_straight [aquarium_subvault_bridge,
          aquarium_subvault_window, aquarium_subvault_bridge,
          aquarium_subvault_wall], aquarium_window_corridor_3,
          aquarium_window_1, aquarium_window_fake, aquarium_window_2,
          aquarium_view_2c, aquarium_view_2e, aquarium_balcony_double_1,
          aquarium_pool_1, hangedman_feature_mirror, minivault_4
D:2:      layout_loops_cross, dreamdust_ecumenical_altar_statues,
          palyth_stone_intersect
D:3:      layout_loops_ring, ashenzari_conservatory_becter, portal_sewer_entry_a
D:4:      minmay_diamond_boxcup, layout_cave_pods, mainiacjoe_overflow_brackets,
          grunt_ministairs_15, fountainhead
D:5:      layout_basic, minmay_temple_entry_fiery, minmay_starry_boxes,
          uniq_crazy_yiuf_cottage, uniq_pikel
D:6:      layout_gridville, grunt_temple_overflow_cloverleaf, uniq_sigmund,
          uniq_prince_ribbit1, uniq_grinder
Temple:   dshaligram_water_room_temple

Skill      XL: |  1  2  3  4  5  6  7  8 |
---------------+-------------------------+-----
Armour         | 1 2 3 4 5 |  5.5
Fighting       | 4 6 |  6.8
Invocations    | 1 2 3 4 |  4.5
Dodging        | 4 5 6 |  6.2
Short Blades   | 4 5 6 |  6.2

Action                     |  1- 3 |  4- 6 |  7- 9 || total
---------------------------+-------+-------+-------++-------
  Melee: Short sword       |    75 |   188 |    95 ||   358
         Headbutt          |    15 |    57 |    37 ||   109
 Invoke: Stomp             |       |       |     2 ||     2
    Use: Potion            |       |     2 |       ||     2
   Stab: Paralysed         |       |       |     3 ||     3
 Armour: Robe              |    17 |    10 |     3 ||    30
         Ring mail         |       |     3 |    12 ||    15
  Dodge: Dodged            |    44 |    94 |    58 ||   196
